 Dungeon Crawl Stone Soup version 0.19-a0-1068-g99dd0f4 (webtiles) character file.

99 Rome the Skirmisher (level 4, -3/50 HPs)
             Began as an Ogre Wanderer on Aug 4, 2016.
             Slain by Sigmund
             ... wielding a +0 scythe
              (7 damage)
             ... on level 3 of the Dungeon on Aug 5, 2016.
             The game lasted 00:22:52 (3024 turns).

Rome the Skirmisher (Ogre Wanderer)                 Turns: 3024, Time: 00:22:58

Health: -3/50      AC:  4    Str: 17    XL:     4   Next: 72%
Magic:  4/4        EV: 10    Int: 12    God:
Gold:   91         SH:  0    Dex:  9    Spells: 0 memorised, 3 levels left

rFire  . . .     SeeInvis .     a - +2 falchion
rCold  . . .     Gourm    .     l - +1 robe (curse)
rNeg   + . .     Faith    .     (no shield)
rPois  .         Spirit   .     (helmet restricted)
rElec  .         Dismiss  .     (no cloak)
rCorr  .         Reflect  .     (gloves unavailable)
SustAt .         Harm     .     (boots unavailable)
MR     .....                    (no amulet)
Stlth  ..........               p - ring of loudness (curse)
                                k - ring of positive energy

@: lethally poisoned (-3 -> -7)
A: unfitting armour, tough skin 1
a: no special abilities


You were on level 3 of the Dungeon.
You were not hungry.

You visited 1 branch of the dungeon, and saw 3 of its levels.

You collected 91 gold pieces.

Inventory:

Hand Weapons
 a - a +2 falchion (weapon)
Armour
 d - a +0 robe
 l - a cursed +1 robe (worn)
Jewellery
 i - an uncursed ring of sustain attributes
 k - a ring of positive energy (left hand)
 p - a cursed ring of loudness (right hand)
Scrolls
 b - 2 scrolls of teleportation
 g - a scroll of blinking
 h - a scroll of recharging
 o - a scroll of identify
 q - a scroll of amnesia
Potions
 c - 2 potions of curing
 e - a potion of haste {unknown}
 j - a potion of agility {unknown}
 m - a potion of resistance {unknown}
 n - a potion of magic {unknown}
Comestibles
 f - 3 bread rations


   Skills:
 + Level 5.0 Fighting
 + Level 3.6 Long Blades
 + Level 2.2 Dodging
 + Level 0.1 Stealth
   Level 1.0 Shields
   Level 1.0 Evocations


You had 3 spell levels left.
You didn't know any spells.

Dungeon Overview and Level Annotations

Branches:
Dungeon (3/15)

Altars:
Ashenzari
Elyvilon
Kikubaaqudgha
Sif Muna
The Shining One

Annotations:
D:3 Sigmund


Innate Abilities, Weirdness & Mutations

You are too large for most types of armour.
You have tough skin. (AC +1)


Message History

Something hits you!
A puff of flame appears from out of thin air!
The puff of flame hits you!
As you open the large door, it creaks loudly!
An adder comes into view.
A puff of flame appears from out of thin air!
The puff of flame hits you!
* * * LOW HITPOINT WARNING * * *
Found two altars.
You miss the adder. The adder bites you.
* * * LOW HITPOINT WARNING * * *
The adder bites you but does no damage.
You closely miss the adder.
Sigmund appears from thin air!
Reactivating autopickup.
The adder bites you.
* * * LOW HITPOINT WARNING * * *
You are lethally poisoned!
The adder poisons you!
Sigmund hits you from afar with a scythe!
You die...

######.####...#...## #.#
# ....#.#......###.##
#.#.# ###..###.##..# #.#
###.#.# ..(.##
##.#..###.# #.....#
###..###.##......#
#.#.### #...#......#####
#.#{#
###.##.##.##########.#.#
....#####.##⌠_.'..##.#.#
.#..## ##.##⌠_.S@.##.#.#
.#.#.###...###8##.@....#
..#..........## ##...###
.#............# #####
...############ ####


You could see Sigmund and an adder.

Vanquished Creatures
  3 adders
  An ooze (D:1)
  3 dart slugs
  A giant gecko (D:1)
  4 giant cockroaches
  6 goblins
  4 hobgoblins
  7 jackals
  A quokka (D:2)
  7 bats
  3 giant newts
  11 kobolds
  5 rats
56 creatures vanquished.

Vanquished Creatures (others)
  An adder (D:3)
1 creature vanquished.

Grand Total: 57 creatures vanquished

Notes
Turn   | Place    | Note
-------+----------+-------------------------------------------
     0 | D:1      | Rome the Ogre Wanderer began the quest for the Orb.
     0 | D:1      | Rome set off with: a +2 falchion, a scroll of teleportation, a potion of curing, a +0 robe, a bread ration
     0 | D:1      | Reached XP level 1. HP: 24/24 MP: 1/1
   356 | D:1      | Reached XP level 2. HP: 23/32 MP: 2/2
   930 | D:1      | Reached XP level 3. HP: 32/40 MP: 3/3
  1294 | D:2      | Upgraded the game from 0.19-a0-1065-gdac414d to 0.19-a0-1068-g99dd0f4
  1456 | D:2      | Reached XP level 4. HP: 22/49 MP: 4/4
  1731 | D:2      | Found a shattered altar of Ashenzari.
  2208 | D:2      | Found an ancient bone altar of Kikubaaqudgha.
  2208 | D:2      | Found a deep blue altar of Sif Muna.
  2750 | D:3      | Reached skill level 5 in Fighting
  2901 | D:3      | Noticed Sigmund
  3022 | D:3      | Found a white marble altar of Elyvilon.
  3022 | D:3      | Found a glowing golden altar of the Shining One.
  3024 | D:3      | Slain by Sigmund

Vault maps used:
D:1:      matt_arrival_refuge
D:2:      lemuel_crystal_altar, gammafunk_temple_overflow_statue
D:3:      gammafunk_temple_overflow_wave, fiery_altar_vehumet,
          gup_sewer_entry_bubbles, ecumenical_altar_1, first_bread,
          grunt_ministairs_13, uniq_robin, uniq_sigmund

Skill      XL: |  1  2  3  4 |
---------------+-------------+-----
Long Blades    | 3 |  3.6
Dodging        | 2 |  2.2
Fighting       | 5 |  5.0
Stealth        | |  0.1
Shields        | |  1.0
Evocations     | |  1.0

Action                   |  1- 3 |  4- 6 || total
-------------------------+-------+-------++-------
Melee: Falchion          |   112 |    82 ||   194
  Use: Scroll            |     3 |     4 ||     7
  Eat: Bread ration      |     1 |     1 ||     2
Armor: Robe              |    30 |    30 ||    60
Dodge: Dodged            |    51 |    40 ||    91
